 Dungeon Crawl Stone Soup version 0.16-a0-3667-g690a316 (webtiles) character file.

183 tornocean the Skirmisher (level 5, -10/63 HPs)
             Began as a Bearkin Berserker on May 1, 2015.
             Was a Priest of Trog.
             Mangled by Malgeun's ghost (14 damage)
             ... on level 3 of the Dungeon.
             The game lasted 00:09:18 (2850 turns).

tornocean the Skirmisher (Bearkin Berserker)        Turns: 2850, Time: 00:09:18

Health: -10/63     AC:  7    Str: 27    XL:     5   Next: 35%
Magic:  5/5        EV: 11    Int:  7    God:    Trog [***...]
Gold:   154        SH:  0    Dex: 10    Spells: 0 memorised, 4 levels left

rFire  . . .     SeeInvis .     n - +2 hand axe (elec)
rCold  . . .     Clarity  .     j - +0 ring mail
rNeg   + . .     SustAb   .     (no shield)
rPois  .         Gourm    .     (no helmet)
rElec  .         Spirit   .     (no cloak)
rCorr  .         Warding  +     (no gloves)
rMut   .         Stasis   .     k - +0 pair of boots
MR     .....                    q - amulet of warding
Stlth  ..........               (no ring)
                                (no ring)

@: berserking, very quick, not resistant to hostile enchantments, extremely
unstealthy
A: claws 2, shaggy fur 1, hind claws 1, cornered berserk
a: Cornered Berserk, Burn Spellbooks, Berserk, Trog's Hand, Renounce Religion


You were on level 3 of the Dungeon.
You worshipped Trog.
Trog was most pleased with you.
You were hungry.

You visited 1 branch of the dungeon, and saw 3 of its levels.

You collected 154 gold pieces.

Inventory:

Hand weapons
 n - a +2 hand axe of electrocution (weapon)
 u - a +0 dagger of draining
 w - a +0 trident
Missiles
 e - 83 stones (quivered)
Armour
 j - a +0 ring mail (worn)
 k - a +0 pair of boots (worn)
Jewellery
 q - an amulet of warding (around neck)
Scrolls
 f - a scroll of enchant armour {unknown}
 h - 2 scrolls of recharging {unknown}
 i - 2 scrolls of identify {unknown}
 m - 2 scrolls of amnesia {unknown}
 s - 2 scrolls of remove curse {unknown}
 t - a scroll of random uselessness {unknown}
 v - 3 scrolls of teleportation {unknown}
Potions
 a - a potion of might {unknown}
 b - a potion of curing {unknown}
 d - a potion of restore abilities {unknown}
 g - a potion of invisibility {unknown}
 l - a potion of haste {unknown}
 r - a potion of cure mutation {unknown}
 x - a potion of agility {unknown}
 z - a potion of poison {unknown}
 A - a potion of resistance {unknown}
Comestibles
 c - 3 bread rations
 o - a royal jelly
 p - 3 meat rations


   Skills:
 * Level 4.0 Fighting
 + Level 2.8 Polearms
 * Level 2.2 Throwing
 + Level 2.0 Armour
 + Level 2.3 Dodging


You had 4 spell levels left.
You didn't know any spells.

Dungeon Overview and Level Annotations

Branches:
Dungeon (3/15)

Altars:

Annotations:
D:3 Malgeun's ghost, average BeBe


Innate Abilities, Weirdness & Mutations

You have very sharp fingernails.
You are covered in fur (AC +1).
Your hind legs have claws.
You can berserk when greatly wounded.


Message History

You feel yourself moving faster!
You feel mighty!
You are feeling hungry.
Malgeun's ghost closely misses you.
You closely miss Malgeun's ghost.
Malgeun's ghost is lightly damaged.
Malgeun's ghost misses you.
Your ring mail prevents you from hitting Malgeun's ghost.
Malgeun's ghost is lightly damaged.
Malgeun's ghost barely misses you.
You slash Malgeun's ghost!
Your hind claws misses Malgeun's ghost.
Malgeun's ghost is heavily damaged.
You closely miss Malgeun's ghost.
Malgeun's ghost is heavily damaged.
Malgeun's ghost hits you.
* * * LOW HITPOINT WARNING * * *
You miss Malgeun's ghost. You claw Malgeun's ghost.
Malgeun's ghost is heavily damaged.
Malgeun's ghost says, "I break bones and crack skulls... with my bare hands."
Malgeun's ghost hits you!
You die...

#.#######...# ###
####.......#.#.#
###....##)##.....#
##...####.†.####...#
#..###..#...#.%###...#
##.## #..#...#..# #..#
##..+ #..#...#..# ..#
#...## #..#...#..# ..
#.#..###.)#...#@)#
#..#
#.##...##'#...#W##...#
#.##.#....#####.....#
#.......#..........##
####.#######.#....##
#.# #......# #..
######.# ##. '# . ..


You could see Malgeun's ghost.

Vanquished Creatures
  4 gnolls (D:2)
  3 adders
  A giant mite (D:2)
  3 worms
  7 orcs (D:3)
  6 bats
  A bat zombie (D:3)
  9 giant cockroaches
  8 goblins
  9 hobgoblins
  4 jackals (D:1)
  8 kobolds
  2 quokkas
  A ball python (D:2)
  A giant cockroach zombie (D:3)
  4 giant geckos
  5 giant newts
  10 rats
86 creatures vanquished.

Notes
Turn   | Place    | Note
--------------------------------------------------------------
     0 | D:1      | tornocean, the Bearkin Berserker, began the quest for the Orb.
     0 | D:1      | Reached XP level 1. HP: 18/18 MP: 1/1
   261 | D:1      | Reached XP level 2. HP: 18/24 MP: 2/2
  1046 | D:1      | Reached XP level 3. HP: 29/29 MP: 3/3
  1089 | D:2      | Reached skill level 1 in Throwing
  1098 | D:2      | Gained mutation: You have very sharp fingernails. [bearkin transformation]
  1098 | D:2      | Reached XP level 4. HP: 17/37 MP: 4/4
  1183 | D:2      | Acquired Trog's second power
  2348 | D:3      | Reached XP level 5. HP: 42/42 MP: 5/5
  2751 | D:3      | Reached skill level 4 in Fighting
  2835 | D:3      | Noticed Malgeun's ghost (average BeBe)
  2850 | D:3      | Mangled by Malgeun's ghost

Action                   |  1- 3 |  4- 6 || total
-------------------------+-------+-------++-------
Melee: Spear             |    77 |       ||    77
       Hand axe          |    22 |   119 ||   141
Throw: Stone             |    13 |    87 ||   100
Invok: Berserk           |       |     1 ||     1
  Eat: Chunk             |       |     6 ||     6
